 Dungeon Crawl Stone Soup version 0.31-a0-66-ge618eeaa78 (webtiles) character file.

Game seed: 3039639495511039017

5 omnomnOMINOUS the Shooter (level 1, 0/13 HPs)
             Began as an Octopode Wanderer on May 22, 2023.
             Slain by a frilled lizard (3 damage)
             ... on level 1 of the Dungeon.
             The game lasted 00:00:38 (121 turns).

omnomnOMINOUS the Shooter (Octopode Wanderer)        Turns: 121, Time: 00:00:39

Health: 0/13       AC:  1    Str: 13    XL:     1   Next: 80%
Magic:  2/2        EV: 12    Int: 12    God:
Gold:   18         SH:  0    Dex: 11    Spells: 1/2 levels left

rFire   . . .        a - +2 sling
rCold   . . .        (no shield)
rNeg    . . .        (helmet restricted)
rPois   .            (no amulet)
rElec   .            (no ring)
rCorr   .            (no ring)
SInv    .            (no ring)
Will    .....        (no ring)
Stlth   ++           (no ring)
HPRegen 0.22/turn    (no ring)
MPRegen 0.08/turn    (no ring)
                     (no ring)

%: no passive effects
@: no status effects
A: almost no armour, amphibious, 8 rings, camouflage 1, gelatinous body 1,
(nimble swimmer 1), tentacles
a: no special abilities


You were on level 1 of the Dungeon.
You visited 1 branch of the dungeon, and saw 1 of its levels.

You collected 18 gold pieces.

Inventory:

Hand Weapons
 a - a +2 sling (weapon)
 e - a +0 spear
Wands
 b - a wand of flame (4)
Scrolls
 c - a scroll of fog
 d - a scroll of silence {unknown}
 f - a scroll of enchant armour {unknown}


   Skills:
 + Level 1.1 Fighting
 - Level 4.0 Ranged Weapons
 + Level 0.3 Dodging
 + Level 1.1 Spellcasting
 + Level 0.3 Conjurations
 + Level 2.1 Air Magic
 - Level 2.1 Evocations


You had one spell level left.
You knew the following spells:

 Your Spells              Type           Power      Damage    Failure   Level
a - Shock                 Conj/Air       12%        1d3       19%         1

Your spell library contained the following spells:

 Spells                   Type           Power      Damage    Failure   Level
 Vhi's Electric Charge    Tloc/Air       4%         N/A       52%         3


Dungeon Overview and Level Annotations

Branches:
Dungeon (1/15)

Altars:


Innate Abilities, Weirdness & Mutations

You cannot wear most types of armour.
You are amphibious.
You can wear up to eight rings at the same time.
Your skin changes colour to match your surroundings (Stealth+).
Your rubbery body absorbs attacks. (AC +1, EV +1)
((You are camouflaged when in or above water. (Stealth+)))
You have tentacles for arms and can constrict up to eight enemies at once.


Message History

You shoot a sling bullet.
The sling bullet closely misses the frilled lizard.
The goblin barely misses you. The frilled lizard bites you.
The giant cockroach misses you. The goblin hits you but does no damage.
The frilled lizard barely misses you.
You shoot a sling bullet.
The sling bullet misses the frilled lizard.
The giant cockroach misses you. The goblin barely misses you.
The frilled lizard unfolds its giant frill.
The frilled lizard closely misses you.
You shoot a sling bullet.
The sling bullet barely misses the frilled lizard.
The giant cockroach closely misses you. The goblin barely misses you.
The giant cockroach closely misses you. The frilled lizard closely misses you.
You shoot a sling bullet.
The sling bullet closely misses the frilled lizard.
The giant cockroach bites you.
An endoplasm comes into view.
The goblin closely misses you. The frilled lizard bites you.
You shoot a sling bullet.
The sling bullet closely misses the frilled lizard.
The endoplasm quivers.
The giant cockroach closely misses you. The goblin barely misses you.
The frilled lizard bites you but does no damage.
The giant cockroach bites you but does no damage.
You shoot a sling bullet.
The sling bullet misses the frilled lizard.
The goblin hits you with a +0 club. The frilled lizard bites you.
The giant cockroach bites you.
* * * LOW HITPOINT WARNING * * *
The goblin barely misses you. The frilled lizard barely misses you.
You are too injured to fight recklessly!
You are too injured to fight recklessly!
You are too injured to fight recklessly!
You are too injured to fight recklessly!
You aren't carrying any potions.
Okay, then.
Unknown command.
The frilled lizard bites you.
You die...

# #.....# ## #
#.....# ##.. #
###.....###... .
.##)......#.#. #. ##
..............##. ..#
.#####.##.###...# #..
........#.......##.#
.#####..# ####....#
.# ##.## #..@l##.# .#
#..# ###.##Bg$#
.#######.###...###gJ#
..........>..#.# ..#
#############... ##$#
##...# #.. .##.# ..#
.# .. ... #. . ##


You could see an endoplasm, a giant cockroach, 2 goblins and a frilled lizard.

Vanquished Creatures
  A giant cockroach (D:1)
  3 ball pythons (D:1)
  A frilled lizard (D:1)
  A kobold (D:1)
6 creatures vanquished.

Notes
Turn   | Place    | Note
-------+----------+-------------------------------------------
     0 | D:1      | omnomnOMINOUS the Octopode Wanderer began the quest for the
                  | Orb.
     0 | D:1      | omnomnOMINOUS set off with the following items: a +2 sling,
                  | a wand of flame (4), a scroll of fog; and the following
                  | spell memorised: Shock; and the following spells available
                  | to memorise: Vhi's Electric Charge.
     0 | D:1      | Reached XP level 1. HP: 13/13 MP: 2/2
   121 | D:1      | Slain by a frilled lizard

Illustrated notes

Levels and vault maps discovered:
D:1:      dpeg_arrival_stone_temple_mockup, layout_basic, serial_shops, shop,
          st_stairs_8, minmay_vboxes

Action                     || total
---------------------------++-------
   Fire: Sling             ||    20
 Armour: Skin              ||     4
  Dodge: Dodged            ||    18

Table legend: (Time is in decaauts)
 A = Elapsed time spent in this place.
 B = Non-inter-level travel time spent in this place.
 C = Inter-level travel time spent in this place.
 D = Time resting spent in this place.
 E = Time spent auto-exploring this place.
 F = Levels seen in this place.
 G = Mean time per level.
                   A        B        C        D        E       F      G
               +--------+--------+--------+--------+--------+-----+--------+
         Total |    125 |    125 |      0 |      0 |     89 |   1 |  125.0 |
       Dungeon |    125 |    125 |      0 |      0 |     89 |   1 |  125.0 |
               +--------+--------+--------+--------+--------+-----+--------+

Top non-repeatable levels by time:
     D:1: 125 daAuts
